 Dungeon Crawl Stone Soup version 0.19.5 (webtiles) character file.

2872 Gargoyl the Covered (level 9, -6/75 HPs)
             Began as a Ghoul Abyssal Knight on Apr 19, 2017.
             Was an Elder of Lugonu.
             Mangled by a killer bee (7 damage)
             ... on level 7 of the Dungeon on Apr 20, 2017.
             The game lasted 00:19:35 (7819 turns).

Gargoyl the Covered (Ghoul Abyssal Knight)          Turns: 7819, Time: 00:19:36

Health: -6/75      AC: 18    Str: 17 (21) XL:     9   Next: 76%
Magic:  12/12      EV:  5    Int:  5 (7)  God:    Lugonu [****..]
Gold:   336        SH: 10    Dex: 10 (11) Spells: 0 memorised, 8 levels left

rFire  . . .     SeeInvis +     A - +4 falchion
rCold  + + .     Gourm    .     h - +0 chain mail
rNeg   + + +     Faith    .     w - +2 shield {AC+3}
rPois  ∞         Spirit   .     (no helmet)
rElec  .         Reflect  .     d - +2 cloak {rPois}
rCorr  .         Harm     .     u - +0 pair of gloves
MR     .....                    (no boots)
Stlth  ..........               (no amulet)
                                k - ring of protection from cold
                                i - ring of see invisible

@: mighty, rotting
A: rotting body, claws 1, carnivore 3, cold resistance 1, negative energy
resistance 3, slow regeneration 1, torment resistance, unbreathing
a: Depart the Abyss, Bend Space, Banish, Corrupt, Renounce Religion


You were on level 7 of the Dungeon.
You worshipped Lugonu.
Lugonu was greatly pleased with you.
You were not hungry.

You visited 1 branch of the dungeon, and saw 7 of its levels.
You visited the Abyss 1 time.

You collected 336 gold pieces.

Inventory:

Hand Weapons
 a - a +1 hand axe
 x - a +0 war axe
 z - a cursed +0 war axe
 A - a +4 falchion (weapon)
Missiles
 q - 4 javelins of penetration
 B - 5 javelins of returning (quivered)
Armour
 d - a +2 cloak of poison resistance (worn)
 h - a +0 chain mail (worn)
 u - a +0 pair of gloves (worn)
 w - a +2 shield of protection (worn)
Jewellery
 i - a ring of see invisible (left hand)
 k - a ring of protection from cold (right hand)
 r - an uncursed ring of ice
 t - an uncursed ring of ice
Wands
 f - a wand of random effects (21/48)
 o - a wand of acid (6/15)
 s - a wand of iceblast (3/15)
 C - a wand of digging (24/24)
 D - a wand of digging (7/24)
 E - a wand of lightning (6/15)
 F - a wand of digging (8/24)
Scrolls
 g - 4 scrolls of identify
 l - 3 scrolls of remove curse
 v - a scroll of fear
 y - a scroll of teleportation
Potions
 n - 3 potions of heal wounds
Books
 p - a book of Maledictions

   Spells                             Type                      Level
   a - Corona                         Hexes                        1
   b - Ensorcelled Hibernation        Hexes/Ice                    2
   c - Confuse                        Hexes                        3
   d - Tukima's Dance                 Hexes                        3
   e - Dazzling Spray                 Conjuration/Hexes            3
Comestibles
 c - 3 meat rations
 m - a slice of pizza


   Skills:
 + Level 5.9 Fighting
 + Level 2.0 Long Blades
 + Level 5.8 Axes
 + Level 0.1 Throwing
 * Level 7.3 Armour
 + Level 2.7 Dodging
 + Level 2.0 Shields
 * Level 6.5 Invocations
 + Level 0.1 Evocations


You had 8 spell levels left.
You didn't know any spells.

Dungeon Overview and Level Annotations

Branches:
Dungeon (7/15)             Temple (0/1) D:6

Altars:


Innate Abilities, Weirdness & Mutations

Your body is rotting away.
You thrive on raw meat.
You are immune to poison.
You have sharp fingernails.
You are carnivorous and can eat meat at any time.
Your flesh is cold resistant. (rC+)
You are immune to negative energy. (rN+++)
You regenerate slowly when monsters are visible.
You are immune to unholy pain and torment.
You can survive without breathing.


Message History

You block the black bear's attack.
You slash the black bear!
You kill the black bear!
Lugonu accepts your kill.
Your Long Blades skill increases to level 2!
Your Shields skill increases to level 2!
The killer bee stings you but does no damage.
You block the killer bee's attack.
Your shield and chain mail prevent you from hitting the killer bee.
The killer bee stings you.
* * * LOW HITPOINT WARNING * * *
The killer bee stings you but does no damage.
The killer bee stings you.
* * * LOW HITPOINT WARNING * * *
You barely miss the killer bee. The killer bee stings you.
* * * LOW HITPOINT WARNING * * *
The killer bee barely misses you.
Your shield and chain mail prevent you from hitting the killer bee.
The killer bee stings you!
You die...

. ...
##########
.....#...oyy@.#
........#####.#
.....#.....##.#
y#.# #.###.##.#
# #. ##.# #.
#÷#### #.
#....# ##
####.# #.#


You could see 2 killer bees and an orc.

Vanquished Creatures
  Sigmund (D:3)
  2 ice beasts
  A sky beast (D:6)
  A black bear (D:7)
  2 necrophages
  5 ogres
  A bullfrog (D:6)
  A scorpion (D:7)
  2 killer bees (D:7)
  The ghost of bermen3214 the Firebug, a weakling DrFE (D:3)
  4 wights (D:6)
  2 howler monkeys
  4 crimson imps (D:6)
  A bullfrog skeleton (D:5)
  A hound (D:6)
  2 jellies
  A centaur skeleton (D:5)
  A gnoll shaman (D:5)
  6 orc priests
  4 worker ants
  3 iguanas
  3 orc wizards
  Natasha (thrice) (D:3)
  A killer bee zombie (D:5)
  A hound skeleton (D:5)
  A howler monkey zombie (D:5)
  A howler monkey skeleton (D:4)
  6 adders
  11 gnolls
  A shadow imp (D:6)
  2 oozes
  2 adder zombies
  An adder skeleton (D:4)
  6 worms
  4 dart slugs
  3 leopard geckos
  20 orcs
  5 giant cockroaches
  6 goblins
  5 hobgoblins
  11 jackals
  2 quokkas
  2 ball pythons
  9 bats
  5 frilled lizards
  A jackal skeleton (D:4)
  7 kobolds
  11 rats
176 creatures vanquished.

Vanquished Creatures (others)
  An orc warrior (D:6)
  A quasit (D:5)
  An orc (D:6)
3 creatures vanquished.

Grand Total: 179 creatures vanquished

Notes
Turn   | Place    | Note
-------+----------+-------------------------------------------
     0 | Abyss:1  | Gargoyl the Ghoul Abyssal Knight began the quest for the Orb.
     0 | Abyss:1  | Reached XP level 1. HP: 19/19 MP: 1/1
     0 | Abyss:1  | Found a corrupted altar of Lugonu.
    77 | Abyss:3  | Noticed a neqoxec
    81 | Abyss:3  | Noticed a neqoxec
   100 | Abyss:4  | Noticed a chaos spawn
   112 | Abyss:4  | Noticed a tentacled starspawn
   113 | D:1      | Escaped the Abyss
   163 | D:1      | Reached skill level 2 in Armour
   163 | D:1      | Reached XP level 2. HP: 11/26 MP: 2/2
   280 | D:1      | Reached * piety under Lugonu
   422 | D:1      | Reached XP level 3. HP: 33/33 MP: 3/3
   860 | D:2      | Reached ** piety under Lugonu
   877 | D:2      | Reached skill level 1 in Dodging
   877 | D:2      | Reached XP level 4. HP: 35/40 MP: 5/5
  1106 | D:2      | Noticed Natasha
  1274 | D:3      | Killed Natasha
  1311 | D:3      | Noticed Sigmund
  2200 | D:3      | Killed Sigmund
  2200 | D:3      | Reached skill level 3 in Armour
  2200 | D:3      | Reached XP level 5. HP: 36/47 MP: 6/6
  2200 | D:3      | Reached XP level 6. HP: 40/53 MP: 7/7
  2381 | D:3      | Noticed Natasha
  2395 | D:3      | Killed Natasha
  2457 | D:3      | Found a faded altar of an unknown god.
  2533 | D:3      | Reached skill level 4 in Armour
  2736 | D:3      | Noticed bermen3214's ghost (weakling DrFE)
  2754 | D:3      | Killed bermen3214's ghost
  2754 | D:3      | Reached *** piety under Lugonu
  3023 | D:3      | Noticed Natasha
  3037 | D:3      | Killed Natasha
  3037 | D:3      | Reached XP level 7. HP: 40/60 MP: 8/8
  3485 | D:4      | Reached skill level 5 in Fighting
  4416 | D:4      | Reached skill level 5 in Armour
  4416 | D:4      | Reached XP level 8. HP: 34/68 MP: 10/10
  4826 | D:5      | Entered Level 5 of the Dungeon
  5287 | D:5      | Reached **** piety under Lugonu
  5387 | D:5      | Reached skill level 6 in Armour
  5433 | D:5      | Reached skill level 5 in Axes
  6310 | D:6      | Reached XP level 9. HP: 30/73 MP: 6/11
  6444 | D:6      | Found a staircase to the Ecumenical Temple.
  6523 | D:6      | Reached skill level 5 in Invocations
  6895 | D:6      | Reached skill level 7 in Armour
  7115 | D:6      | Reached skill level 1 in Shields
  7333 | D:6      | Reached skill level 1 in Long Blades
  7818 | D:7      | HP: 1/75 [killer bee (5)]
  7819 | D:7      | Mangled by a killer bee

Skill      XL: |  1  2  3  4  5  6  7  8  9 |
---------------+----------------------------+-----
Armour         | 2 3 4 5 6 7 |  7.3
Fighting       | 4 5 |  5.9
Axes           | 2 3 4 5 |  5.8
Dodging        | 1 2 |  2.7
Invocations    | 3 4 6 |  6.5
Shields        | 2 |  2.0
Long Blades    | 2 |  2.0
Throwing       | |  0.1
Evocations     | |  0.1

Action                   |  1- 3 |  4- 6 |  7- 9 || total
-------------------------+-------+-------+-------++-------
Melee: Hand axe          |   110 |   260 |   428 ||   798
       Whip              |       |       |     7 ||     7
       Falchion          |       |       |   207 ||   207
       War axe           |       |       |    36 ||    36
Throw: Javelin           |       |       |    25 ||    25
Invok: Depart the Abyss  |     1 |       |       ||     1
       Banish            |       |       |     4 ||     4
Evoke: Wand              |       |       |     3 ||     3
  Use: Scroll            |     4 |     1 |     6 ||    11
       Potion            |       |     1 |     4 ||     5
  Eat: Chunk             |    17 |    27 |    86 ||   130
Armor: Leather armour    |    27 |       |       ||    27
       Ring mail         |    32 |    37 |       ||    69
       Scale mail        |       |    99 |   162 ||   261
       Chain mail        |       |       |   278 ||   278
Dodge: Dodged            |    67 |   139 |   284 ||   490
Block: Shield            |       |       |   135 ||   135
       Rpst.: Falchion   |       |       |    19 ||    19
